 Dungeon Crawl Stone Soup version 0.23-a0-239-g84a5ed292d (webtiles) character file.

175 Lepercus the Ruffian (level 5, 0/41 HPs)
             Began as a Demonspawn Berserker on Sept 26, 2018.
             Was a Priest of Trog.
             Slain by a worm (6 damage)
             ... on level 3 of the Dungeon.
             The game lasted 00:08:38 (2005 turns).

Lepercus the Ruffian (Demonspawn Berserker)         Turns: 2005, Time: 00:08:39

Health: 0/41       AC:  3    Str: 18    XL:     5   Next: 29%
Magic:  5/5        EV: 13    Int:  9    God:    Trog [***...]
Gold:   98         SH:  0    Dex: 12    Spells: 4/4 levels left

rFire    x . .     SeeInvis .     - Unarmed
rCold    + . .     Gourm    .   (no shield)
rNeg     . . .     Faith    .   a - +1 animal skin
rPois    .         Spirit   .   (no helmet)
rElec    .         Reflect  .   (no cloak)
rCorr    .         Harm     .   (no gloves)
MR       +....                  (no boots)
Stlth    ++........             h - amulet of magic regeneration
HPRegen  0.13/turn              g - ring of protection from magic
MPRegen  0.34/turn              i - ring of ice

@: no status effects
A: demonic guardian 1
a: Berserk, Trog's Hand, Renounce Religion


You were on level 3 of the Dungeon.
You worshipped Trog.
Trog was most pleased with you.
You were near starving.

You visited 1 branch of the dungeon, and saw 3 of its levels.

You collected 98 gold pieces.

Inventory:

Armour
 a - a +1 animal skin (worn)
 f - a +0 robe
Jewellery
 g - a ring of protection from magic (left hand)
 h - an amulet of magic regeneration (around neck)
 i - a ring of ice (right hand)
Scrolls
 e - a scroll of enchant armour
 j - 2 scrolls of identify
Potions
 d - 2 potions of haste
 k - a potion of brilliance {unknown}
 l - a potion of cancellation {unknown}
Comestibles
 b - 7 rations


   Skills:
 + Level 3.5 Fighting
 + Level 1.8 Armour
 + Level 2.7 Dodging
 + Level 1.0 Stealth
 + Level 4.5 Unarmed Combat


You had 4 spell levels left.
You didn't know any spells.
Your spell library was empty.

Dungeon Overview and Level Annotations

Branches:
Dungeon (3/15)

Altars:
Fedhas


Innate Abilities, Weirdness & Mutations

A weak demonic guardian rushes to your aid.


Message History

You hit the worm but do no damage.
The worm is heavily wounded.
The worm misses you.
You hit the worm but do no damage.
The worm is heavily wounded.
You barely miss the worm.
The worm is heavily wounded.
The worm bites you!
* * * LOW HITPOINT WARNING * * *
Okay, then.
Unknown command.
You hit the worm.
The worm is heavily wounded.
The worm barely misses you.
You hit the worm.
The worm is heavily wounded.
You hit the worm.
The worm is severely wounded.
The worm bites you.
You die...

.. #. #.# #<....## ... #.##.#
####....##
....#.#..#######+++###....#...##
....#.....(...............รท.....
..........w.......^#.....####.##
....#..w######.###.#.###.####.##
........# #...#...##.........
....##.%########$#..........####
... #.......)w@......####.....#
................(.............>.
...#..#.###########.######.....#
# #..#.# #.# #.....# #.$#.# #.#
##.....# #..#.# #.# #....... #.
#!# #.# #....... #.# #.# #......#
#.......


You could see a worm.

Vanquished Creatures
  3 orc priests (D:3)
  An adder (D:2)
  3 dart slugs (D:1)
  A leopard gecko (D:2)
  8 orcs (D:3)
  A giant cockroach (D:2)
  11 goblins
  6 hobgoblins
  2 jackals (D:2)
  2 ball pythons
  8 bats
  3 frilled lizards
  6 kobolds
  9 rats
64 creatures vanquished.

Vanquished Creatures (others)
  4 toadstools (D:3)
4 creatures vanquished.

Grand Total: 68 creatures vanquished

Notes
Turn   | Place    | Note
-------+----------+-------------------------------------------
     0 | D:1      | Lepercus the Demonspawn Berserker began the quest for the
                  | Orb.
     0 | D:1      | Reached XP level 1. HP: 18/18 MP: 1/1
    83 | D:1      | Reached skill level 3 in Unarmed Combat
    83 | D:1      | Gained mutation: A weak demonic guardian rushes to your
                  | aid. [demonic ancestry]
    83 | D:1      | Reached XP level 2. HP: 18/24 MP: 2/2
   442 | D:1      | Reached ** piety under Trog
   649 | D:1      | Reached XP level 3. HP: 28/29 MP: 3/3
  1260 | D:2      | Found a blossoming altar of Fedhas.
  1777 | D:3      | Reached XP level 4. HP: 35/35 MP: 4/4
  1784 | D:3      | Reached skill level 4 in Unarmed Combat
  1849 | D:3      | Reached *** piety under Trog
  1849 | D:3      | Reached XP level 5. HP: 41/41 MP: 5/5
  1952 | D:3      | Reached skill level 1 in Stealth
  2005 | D:3      | Slain by a worm

Vault maps used:
D:1:      doesnt_arrival_eight_statues
D:2:      lemuel_doored_altar, first_ration, serial_aquarium,
          aquarium_bridge_square, aquarium_bridge_island_small,
          aquarium_window_fake, aquarium_window_fake, aquarium_view_2d
D:3:      cheibrodos_fertilizer, lemuel_crystal_altar

Skill      XL: |  1  2  3  4  5 |
---------------+----------------+-----
Unarmed Combat | 3 4 |  4.5
Dodging        | 2 |  2.7
Stealth        | 1 |  1.0
Fighting       | |  3.5
Armour         | |  1.8

Action                   |  1- 3 |  4- 6 || total
-------------------------+-------+-------++-------
Melee: Unarmed           |   166 |    38 ||   204
       Punch             |     2 |       ||     2
Invok: Berserk           |     1 |     2 ||     3
  Use: Scroll            |     4 |       ||     4
 Stab: Sleeping          |     1 |       ||     1
  Eat: Chunk             |     3 |     2 ||     5
Armor: Animal skin       |    45 |     3 ||    48
Dodge: Dodged            |   114 |    19 ||   133

Table legend:
 A = Non-vault XP
 B = Vault XP
 C = Vault XP percentage of total XP
 D = Non-vault monster count
 E = Vault monster count
 F = Vault count percentage of total count
                 A         B        C        D         E       F
            +---------+---------+-------+---------+---------+-------
      Total |     251 |       0 |   0.0 |      64 |       0 |   0.0
            +---------+---------+-------+---------+---------+-------
        D:1 |      45 |       0 |   0.0 |      27 |       0 |   0.0
        D:2 |      44 |       0 |   0.0 |      20 |       0 |   0.0
        D:3 |     162 |       0 |   0.0 |      17 |       0 |   0.0
            +---------+---------+-------+---------+---------+-------
